 Dungeon Crawl Stone Soup version 0.32-a0-876-gcfddb08e57 (webtiles) character file.

Game seed: 6247228042436322149

2 Autsider the Magician (level 1, 0/10 HPs)
             Began as a Deep Elf Hedge Wizard on Mar 31, 2024.
             Slain by a giant cockroach (1 damage)
             ... on level 1 of the Dungeon.
             The game lasted 00:00:31 (165 turns).

Autsider the Magician (Deep Elf Hedge Wizard)        Turns: 165, Time: 00:00:32

Health: 0/10       AC:  2    Str:  7    XL:     1   Next: 33%
Magic:  1/7        EV: 11    Int: 18    God:
Gold:   6          SH:  0    Dex: 14    Spells: 7/8 levels left

rFire   . . .        (no weapon)
rCold   . . .        (no shield)
rNeg    . . .        b - +0 robe
rPois   .            c - +0 hat
rElec   .            (no cloak)
rCorr   .            (no gloves)
SInv    .            (no boots)
Will    .....        (no amulet)
Stlth   ++           (no ring)
HPRegen 0.21/turn    (no ring)
MPRegen 0.10/turn

%: no passive effects
@: no status effects
A: no striking features
a: no special abilities


You were on level 1 of the Dungeon.
You visited 1 branch of the dungeon, and saw 1 of its levels.

You collected 6 gold pieces.

Inventory:

Armour
 b - a +0 robe (worn)
 c - a +0 hat (worn)
Potions
 d - a potion of magic


   Skills:
 + Level 0.1 Fighting
 - Level 2.4 Dodging
 - Level 2.4 Stealth
 - Level 4.4 Spellcasting
 * Level 1.3 Conjurations
 + Level 1.2 Summonings
 - Level 1.1 Translocations


You had 7 spell levels left.
You knew the following spells:

 Your Spells              Type           Power      Damage    Failure   Level
a - Magic Dart            Conj           32%        1d4       9%          1

Your spell library contained the following spells:

 Spells                   Type           Power      Damage    Failure   Level
 Call Imp                 Summ           16%        N/A       13%         2
 Slow                     Hex            12%        N/A       14%         1
 Blink                    Tloc           14%        N/A       14%         2
 Cigotuvi's Dreadful Rot  Necr/Alch/Air  6%         N/A       22%         2
 Mephitic Cloud           Conj/Alch/Air  5%         N/A       34%         3


Dungeon Overview and Level Annotations

Branches:
Dungeon (1/15)

Altars:


Message History

The giant cockroach barely misses you. x2
You hit the giant cockroach but do no damage.
The giant cockroach is heavily wounded.
The giant cockroach bites you.
* * * LOW HITPOINT WARNING * * *
You hit the giant cockroach but do no damage.
The giant cockroach is heavily wounded.
The giant cockroach closely misses you.
You barely miss the giant cockroach.
The giant cockroach is heavily wounded.
The giant cockroach bites you.
* * * LOW HITPOINT WARNING * * *
You closely miss the giant cockroach.
The giant cockroach is heavily wounded.
The giant cockroach bites you but does no damage.
You hit the giant cockroach but do no damage.
The giant cockroach is heavily wounded.
The giant cockroach bites you.
* * * LOW HITPOINT WARNING * * *
The giant cockroach bites you.
* * * LOW HITPOINT WARNING * * *
You hit the giant cockroach but do no damage.
The giant cockroach is heavily wounded.
The giant cockroach closely misses you.
You completely miss the giant cockroach.
The giant cockroach is heavily wounded.
The giant cockroach barely misses you.
You barely miss the giant cockroach.
The giant cockroach is heavily wounded.
The giant cockroach bites you.
* * * LOW HITPOINT WARNING * * *
Casting: Magic Dart (safe; 9% risk of failure)
Confirm with . or Enter, or press ? or * to list all spells.
Aiming: Magic Dart (safe; 9% risk of failure)
Press: ? - help, Shift-Dir - straight line, f/p - giant cockroach
Aim: a giant cockroach (moderately wounded, 100% to hit)
The magic dart hits the giant cockroach.
The giant cockroach is almost dead.
The giant cockroach bites you.
You die...

.....#..###.#
#.......#
#.###..###.#
#......# ######.#
#.# #J# #B#
######### #@####
#.......###....####
#.###..............
#.#.#......##.#
#.#.##....##
#.#.......#
#.####..### #.#
#.####..#
##.###.......###


You could see an endoplasm and a giant cockroach.

Vanquished Creatures
  A hobgoblin (D:1)
  A ball python (D:1)
  A rat (D:1)
3 creatures vanquished.

Notes
Turn   | Place    | Note
-------+----------+-------------------------------------------
     0 | D:1      | Autsider the Deep Elf Hedge Wizard began the quest for the
                  | Orb.
     0 | D:1      | Reached XP level 1. HP: 10/10 MP: 7/7
   165 | D:1      | Slain by a giant cockroach

Illustrated notes

Levels and vault maps discovered:
D:1:      elethiomel_arrival_infinity_welcomes_careful_drivers,
          layout_loops_corners

Action                     || total
---------------------------++-------
  Melee: Unarmed           ||    10
   Cast: Magic Dart        ||    12
 Armour: Robe              ||    13
  Dodge: Dodged            ||    13

Table legend: (Time is in decaauts)
 A = Elapsed time spent in this place.
 B = Non-inter-level travel time spent in this place.
 C = Inter-level travel time spent in this place.
 D = Time resting spent in this place.
 E = Time spent auto-exploring this place.
 F = Levels seen in this place.
 G = Mean time per level.
                   A        B        C        D        E       F      G
               +--------+--------+--------+--------+--------+-----+--------+
         Total |    165 |    165 |      0 |      0 |    127 |   1 |  165.0 |
       Dungeon |    165 |    165 |      0 |      0 |    127 |   1 |  165.0 |
               +--------+--------+--------+--------+--------+-----+--------+

Top non-repeatable levels by time:
     D:1: 165 daAuts
